 Dungeon Crawl Stone Soup version 0.25.1-2-g60ff931df9 (console) character file.

Game seed: 7103646394107132775

18 Colgate the Skirmisher (level 2, 20/20 HPs)
             Began as a Gargoyle Berserker on Aug 20, 2020.
             Was a Follower of Trog.
             Quit the game on level 1 of the Dungeon.
             The game lasted 00:08:26 (786 turns).

Colgate the Skirmisher (Gargoyle Berserker)          Turns: 786, Time: 00:08:27

Health: 20/20      AC:  6    Str: 20    XL:     2   Next: 70%
Magic:  2/2        EV: 27    Int:  7    God:    Trog [*.....]
Gold:   36         SH:  0    Dex:  9    Spells: 1/1 levels left

rFire    . . .     SeeInvis .   a - +0 mace
rCold    . . .     Gourm    .   (no shield)
rNeg     + . .     Faith    .   j - +0 animal skin
rPois    ∞         Spirit   .   (no helmet)
rElec    +         Reflect  .   (no cloak)
rCorr    .         Harm     .   (no gloves)
MR       .....                  g - +0 pair of boots
Stlth    +.........             e - amulet of the acrobat
HPRegen  0.06/turn              (no ring)
MPRegen  0.08/turn              (no ring)

@: acrobat
A: negative energy resistance 1, electricity resistance, unbreathing,
petrification resistance, rot immunity, AC +2
a: Berserk, Renounce Religion


You were on level 1 of the Dungeon.
You worshipped Trog.
Trog was aware of your devotion.
You were not hungry.

You visited 1 branch of the dungeon, and saw 1 of its levels.

You collected 36 gold pieces.

Inventory:

Hand Weapons
 a - a +0 mace (weapon)
 b - a +2 antimagic dagger
 m - a +0 whip
Missiles
 h - 2 throwing nets (quivered)
 i - 19 arrows
Armour
 g - a +0 pair of boots (worn)
 j - a +0 animal skin (worn)
Jewellery
 e - an amulet of the acrobat (around neck)
Scrolls
 k - a scroll of remove curse {unknown}
 l - a scroll of enchant armour {unknown}
Potions
 d - a potion of mutation {unknown}
Comestibles
 c - 4 rations
 f - a chunk of flesh


   Skills:
 - Level 4.0 Fighting
 + Level 3.2 Maces & Flails
 - Level 2.1 Armour
 - Level 1.5 Dodging


You had one spell level left.
You didn't know any spells.
Your spell library was empty.

Dungeon Overview and Level Annotations

Branches:
Dungeon (1/15)

Altars:


Innate Abilities, Weirdness & Mutations

You are resistant to torment.
Your stone body is resilient. (AC +2)
You are immune to poison.
You resist negative energy. (rN+)
You are resistant to electric shocks. (rElec)
You can survive without breathing.
You are immune to petrification.
You are immune to rotting.


Message History

You butcher the bat corpse.
f - 5 chunks of flesh (gained 1)
You see here a bat skeleton.
Some of the chunks of flesh in your inventory have rotted away.
You now have 36 gold pieces (gained 10).
Found a whip.
h - 2 throwing nets (gained 1)
You see here a whip.
m - a +0 whip (weapon)
a - a +0 mace (weapon)
Found a stone staircase leading down.
A hobgoblin comes into view. It is wielding a +0 club.
The hobgoblin shouts!
Quiver which item? (- for none, * to show all) (? for menu, Esc to quit)
Okay, then.
You are feeling hungry.
Eat one of 2 chunks of flesh? (ye/n/q)
You eat one of the 2 chunks of flesh.
This raw flesh tastes terrible.
There is an open door here.
Are you sure you want to abandon this character and quit the game? (Confirm with "yes".)

#....#...######........)....
##.g..#...........####.......
#.....###.........# #.......
#....## #.........# #.......
#.#### #.........# #.......
#####.#######.........#
#.......
......................+
+.......
......................#
#.......
#####.#######.........#
#....... ......# #.g.......#
######.# #######
####@########### ##'# #####
#.#...###...###... ....#
#.#............... ....#
#.#...###...###... ....#
#.##.## ##### #### ....#
#.#...###...###... ....#
#.#............... ....#####
#.#...###...###... ........#
#.##### ##### ##.# ........#
#.#...###...###... #.......#
#.#.<.............


You could see a hobgoblin.

Vanquished Creatures
  An ooze (D:1)
  3 goblins (D:1)
  3 hobgoblins (D:1)
  3 bats (D:1)
  A frilled lizard (D:1)
  A kobold (D:1)
  A rat (D:1)
13 creatures vanquished.

Notes
Turn   | Place    | Note
-------+----------+-------------------------------------------
     0 | D:1      | Colgate the Gargoyle Berserker began the quest for the Orb.
     0 | D:1      | Reached XP level 1. HP: 14/14 MP: 1/1
   333 | D:1      | Reached skill level 4 in Fighting
   333 | D:1      | Reached XP level 2. HP: 20/20 MP: 2/2
   786 | D:1      | Quit the game

Illustrated notes

Levels and vault maps discovered:
D:1:      minmay_arrival_nine_rooms, layout_basic

Skill      XL: |  1 |
---------------+----+-----
Fighting       | 4 |  4.0
Maces & Flails | |  3.2
Armour         | |  2.1
Dodging        | |  1.5

Action                   || total
-------------------------++-------
Melee: Mace              ||    44
Invok: Berserk           ||     1
  Eat: Chunk             ||     1
Armor: Animal skin       ||    13
Dodge: Dodged            ||    31
